Map: Rainfall LE

Players

ratgameplay (uThermal) - Winner!

  • Race: Terran Terran
  • League: Grandmaster
  • Spawn Location: 11:00

Vaeda (HiGhDrA)

  • Race: Protoss Protoss
  • League: Master
  • Spawn Location: 5:00

Event: HomeStory Cup XXIX

VOD

Have the link to the VOD?

Description

Time

  • Played on: July 4, 2026, 7:20 a.m.
  • Length: 8:54

All games in this series

Show
View Real Time Build Order
Export as new Build Order

ratgameplay Terran - Winner!

Build Orders:  

Get SALT Encoding   

  8  0:00  SCV  
  9  0:12  SCV  
  10  0:24  SCV  
  11  0:36  SCV  
  11  0:39  Supply Depot  
  12  0:48  SCV  
  13  1:01  SCV  
  13  1:02  Barracks  
  14  1:13  SCV  
  15  1:25  SCV  
  16  1:37  SCV  
  16  1:38  Refinery  
  17  1:49  Marine, Orbital Command  
  18  2:00  Command Center  
  18  2:06  Marine  
  19  2:16  Supply Depot  
  19  2:18  SCV  
  20  2:29  Barracks Reactor  
  20  2:30  SCV  
  20  2:31  Refinery  
  21  2:42  SCV  
  22  2:45  Bunker  
  22  2:54  SCV  
  23  2:59  Factory  
  23  3:05  Marine x2  
  23  3:06  SCV  
  23  3:12  Orbital Command  
  26  3:18  SCV  
  27  3:25  Marine  
  26  3:27  Marine  
  26  3:30  SCV  
  28  3:37  SCV  
  29  3:43  SCV  
  29  3:44  Starport  
  29  3:46  Widow Mine  
  32  3:49  SCV  
  32  3:52  Marine x2  
  35  3:55  SCV  
  35  3:59  Supply Depot  
  35  4:02  SCV  
  37  4:08  Widow Mine  
  39  4:10  Supply Depot, SCV  
  39  4:14  SCV  
  39  4:16  Marine  
  42  4:21  Marine, Medivac  
  45  4:24  SCV  
  45  4:27  SCV  
  45  4:29  Widow Mine  
  49  4:33  Supply Depot, Marine  
  49  4:36  SCV  
  51  4:38  Marine  
  51  4:39  SCV  
  53  4:49  Barracks x2, SCV  
  53  4:51  SCV  
  53  4:52  Marine  
  56  4:55  Factory Tech Lab, Starport Tech Lab  
  56  4:56  Marine  
  57  5:03  SCV  
  57  5:04  SCV  
  57  5:06  Engineering Bay  
  59  5:08  Supply Depot  
  59  5:13  Raven  
  61  5:16  Siege Tank  
  61  5:17  SCV x2  
  66  5:29  Marine x2  
  66  5:30  SCV x2  
  70  5:41  Terran Infantry Weapons Level 1  
  70  5:42  Refinery x2, SCV x2  
  72  5:43  Supply Depot  
  72  5:54  SCV x2, Marine x2  
  72  5:55  Marine, Stimpack  
  77  5:57  Factory Tech Lab  
  77  6:01  Marine  
  77  6:04  Combat Shield, Supply Depot  
  77  6:06  SCV x2  
  77  6:07  Supply Depot  
  79  6:13  Marauder  
  79  6:15  Starport Reactor  
  79  6:18  SCV x2, Marine  
  83  6:21  Supply Depot  
  83  6:22  Marauder  
  86  6:34  Command Center  
  86  6:36  Marauder  
  86  6:38  Marine  
  89  6:42  Siege Tank  
  89  6:47  Supply Depot  
  92  6:48  Marine, Marauder  
  92  6:54  Medivac  
  97  6:55  Medivac  
  99  7:04  Barracks  
  99  7:05  Barracks, Marine  
  99  7:06  Marauder  
  102  7:12  Marine x2  
  102  7:14  Siege Tank  
  107  7:19  Supply Depot  
  107  7:23  Supply Depot  
  107  7:24  Medivac  
  107  7:25  Medivac, Marine  
  112  7:31  Marauder  
  112  7:33  Concussive Shells  
  114  7:37  Supply Depot  
  114  7:41  Marine, Marauder  
  114  7:42  SCV x2  
  114  7:43  Marine  
  120  7:45  Supply Depot  
  120  7:50  Marine  
  121  7:52  Marine  
  121  7:54  SCV  
  121  7:55  SCV  
  124  7:59  Marine  
  124  8:03  Marauder, Viking  
  124  8:05  Viking  
  130  8:06  SCV  
  130  8:09  SCV, Marine  
  130  8:11  Marauder  
  132  8:15  Marine  
  132  8:18  SCV  
  132  8:21  Marine, SCV  
  132  8:24  Marauder  
  132  8:25  Marine  
  132  8:30  SCV  
  132  8:32  Marauder  
  132  8:33  SCV  
  138  8:42  Barracks Tech Lab  
  134  8:49  Barracks Tech Lab  
Show
View Real Time Build Order
Export as new Build Order

Vaeda Protoss 

Build Orders: Blink Stalkers 

Get SALT Encoding   

  8  0:00  Probe  
  9  0:12  Probe  
  10  0:24  Probe  
  10  0:27  Pylon  
  11  0:36  Probe  
  12  0:48  Probe (Chrono Boost)  
  13  0:51  Gateway  
  13  1:00  Probe (Chrono Boost)  
  14  1:04  Probe (Chrono Boost)  
  14  1:09  Assimilator  
  15  1:15  Probe (Chrono Boost)  
  17  1:27  Probe (Chrono Boost)  
  17  1:32  Probe (Chrono Boost)  
  18  1:41  Cybernetics Core  
  18  1:42  Probe  
  19  1:54  Probe  
  20  2:03  Pylon  
  20  2:13  Nexus  
  20  2:18  Adept (Chrono Boost)  
  22  2:27  Shield Battery  
  22  2:32  Assimilator  
  22  2:35  Probe  
  25  2:48  Warp Gate  
  25  2:49  Probe  
  26  2:55  Stalker  
  26  3:01  Probe  
  26  3:03  Twilight Council  
  27  3:13  Probe  
  28  3:26  Probe (Chrono Boost)  
  28  3:29  Stalker  
  28  3:30  Probe (Chrono Boost)  
  28  3:33  Shield Battery  
  30  3:36  Probe (Chrono Boost)  
  30  3:37  Blink (Chrono Boost)  
  30  3:39  Probe (Chrono Boost)  
  30  3:41  Probe (Chrono Boost)  
  33  3:49  Probe  
  33  3:53  Probe  
  35  4:01  Probe  
  36  4:05  Probe  
  37  4:10  Gateway  
  37  4:13  Probe  
  37  4:15  Robotics Facility  
  38  4:17  Probe  
  39  4:25  Probe  
  39  4:29  Probe, Pylon  
  41  4:36  Pylon  
  41  4:37  Probe  
  42  4:38  Assimilator  
  42  4:47  Probe  
  42  4:51  Nexus  
  42  4:52  Probe  
  44  4:55  Sentry  
  44  4:56  Phoenix  
  44  4:59  Probe  
  47  5:02  Observer  
  47  5:06  Robotics Bay, Probe  
  49  5:11  Probe  
  50  5:16  Pylon  
  50  5:18  Assimilator, Probe  
  51  5:23  Probe  
  51  5:25  Stalker  
  54  5:30  Probe (Chrono Boost)  
  54  5:31  Gateway  
  41  5:39  Probe (Chrono Boost)  
  43  5:43  Probe (Chrono Boost)  
  44  5:50  Stalker x2  
  44  5:51  Probe x2 (Chrono Boost)  
  49  5:57  Probe  
  49  6:00  Pylon  
  49  6:01  Probe (Chrono Boost)  
  51  6:08  Probe (Chrono Boost)  
  53  6:13  Colossus (Chrono Boost)  
  53  6:15  Probe (Chrono Boost)  
  53  6:18  Probe (Chrono Boost)  
  61  6:19  Probe (Chrono Boost)  
  63  6:27  Probe (Chrono Boost)  
  63  6:30  Probe (Chrono Boost)  
  63  6:32  Probe (Chrono Boost)  
  63  6:33  Stalker  
  63  6:34  Gateway  
  63  6:36  Probe (Chrono Boost), Gateway  
  63  6:38  Probe (Chrono Boost)  
  68  6:40  Probe  
  68  6:43  Pylon  
  68  6:56  Probe  
  68  6:58  Probe  
  67  7:04  Colossus  
  73  7:12  Probe (Chrono Boost)  
  76  7:17  Probe (Chrono Boost)  
  76  7:18  Gateway  
  76  7:19  Gateway  
  76  7:21  Probe (Chrono Boost)  
  76  7:22  Gateway  
  77  7:23  Gateway, Probe (Chrono Boost)  
  77  7:27  Probe (Chrono Boost)  
  77  7:28  Probe x2 (Chrono Boost)  
  80  7:31  Zealot  
  80  7:34  Zealot  
  84  7:38  Probe x2  
  84  7:39  Pylon, Probe  
  87  7:54  Probe x3  
  87  7:55  Pylon  
  67  8:32  Zealot x2  
  67  8:33  Zealot x2  
  71  8:35  Probe x3  
Tags
 
Add a new tag
Caveats
  • Supply blocks, unpowered buildings, or Contaminate may cause inaccurate times.
  • Supply counts are checked every 10 seconds.